 Dungeon Crawl Stone Soup version 0.15-a0-1073-g74d0bc9 (console) character file.

39678 Che the Martial Artist (level 14, -4/97 HPs)
             Began as an Octopode Monk on May 27, 2014.
             Was an Elder of Cheibriados.
             Slain by a redback (18 damage)
             ... on Level 1 of the Spider Nest.
             The game lasted 01:17:24 (6708 turns).

Che the Martial Artist (Octopode Monk)              Turns: 6708, Time: 01:17:25

HP  -4/97        AC  1     Str 22 (23) XL: 14   Next:  7%
MP  27/27        EV 25     Int 23      God: Cheibriados [****..]
Gold 815         SH 27     Dex 25 (26) Spells:  8 memorised,  2 levels left

rFire  . . .     SeeInvis +       - Unarmed
rCold  . . .     Clarity  .     H - +1 shield
rNeg   . . .     Conserve .     (helmet restricted)
rPois  .         rCorr    .     n - amulet of faith
rElec  .         rRot     .     r - ring of see invisible
SustAb .         Spirit   .     z - ring of wizardry
rMut   .         Warding  .     J - ring of invisibility
Gourm  .         Stasis   .     (no ring)
MR     +....                    (no ring)
                                (no ring)
                                (no ring)
                                (no ring)

@: very slightly contaminated, very slow, somewhat resistant to hostile
enchantments, stealthy
A: almost no armour, amphibious, 8 rings, constrict 8, camouflage 1, deformed
body, deterioration 2, regeneration 1, gelatinous body 1
a: Bend Time, Temporal Distortion, Slouch, Renounce Religion, Evoke Invisibility


You were on level 1 of the Spider Nest.
You worshipped Cheibriados.
Cheibriados was greatly pleased with you.
You were hungry.

You visited 4 branches of the dungeon, and saw 19 of its levels.

You collected 815 gold pieces.

Inventory:

Hand weapons
 v - a +6 blowgun
 E - the +3,+10 long sword "Grom" {antimagic, Int+2}
   (You found it on level 4 of the Lair of Beasts)

   It disrupts the flow of magical energy around spellcasters and certain
   magical creatures (including the wielder).
   It affects your intelligence (+2).
Missiles
 s - a curare-tipped needle
Armour
 H - a +1 shield (worn)
Magical devices
 w - a wand of polymorph (13)
Comestibles
 b - 5 bread rations
 i - 5 meat rations
 j - 5 beef jerkies
 l - 13 fruits
Scrolls
 c - 5 scrolls of immolation
 e - 2 scrolls of fog
 h - 2 scrolls of blinking
 o - 11 scrolls of remove curse {unknown}
 u - 5 scrolls of teleportation
 x - 2 scrolls of vulnerability
Jewellery
 f - an uncursed amulet of conservation
 n - an amulet of faith (around mantle)
 r - a ring of see invisible (left tentacle)
 z - a ring of wizardry (right tentacle)
 J - a ring of invisibility (on tentacle)
 N - an uncursed amulet of resist corrosion
Potions
 a - 3 potions of might
 d - 3 potions of curing
 g - 2 potions of magic
 k - 2 potions of resistance
 m - 8 potions of heal wounds
 t - 4 potions of haste
 A - a potion of cure mutation
 B - 2 potions of agility
 G - 4 potions of restore abilities
 I - 2 potions of invisibility
 P - 2 potions of brilliance
Books
 C - a book of Hinderance

   Spells                             Type                      Level
   *Confusing Touch                   Hexes                        1
   *Confuse                           Hexes                        3
   Petrify                            Transmutation/Earth          4
   Leda's Liquefaction                Hexes/Earth                  4
   Metabolic Englaciation             Hexes/Ice                    5
   Summon Mana Viper                  Hexes/Summoning              5
 F - a book of Fire

   Spells                             Type                      Level
   Ignite Poison                      Fire/Transmutation           5
   Fireball                           Conjuration/Fire             5
   Bolt of Fire                       Conjuration/Fire             6
   Delayed Fireball                   Conjuration/Fire             7
   Ring of Flames                     Charms/Fire                  7
 L - the Papyrus of Summoning
   (You found it on level 8 of the Lair of Beasts)

   Spells                             Type                      Level
   Summon Small Mammal                Summoning                    1
   Call Imp                           Summoning                    2
   Shadow Creatures                   Summoning                    5
   Summon Hydra                       Summoning                    7
Magical staves
 D - an uncursed staff of cold
Miscellaneous
 q - a lantern of shadows


   Skills:
 - Level 9.0 Fighting
 + Level 12.4 Dodging
 - Level 2.6 Stealth
 - Level 9.0 Shields
 + Level 12.8 Unarmed Combat
 - Level 3.0 Spellcasting
 * Level 3.2 Hexes
 - Level 4.0 Translocations
 + Level 1.7 Poison Magic
 - Level 10.0 Invocations


You had 2 spell levels left.
You knew the following spells:

 Your Spells              Type           Power        Failure   Level  Hunger
a - Apportation           Tloc           ###.......   1%          1    None
b - Blink                 Tloc           N/A          2%          2    ##.....
c - Summon Butterflies    Summ           #.......     7%          1    None
d - Flight                Chrm/Air       #.........   26%         3    ###....
e - Confusing Touch       Hex            ###.......   2%          1    None
f - Confuse               Hex            ###.....     7%          3    ###....
g - Cause Fear            Hex            ###.......   24%         4    ####...
h - Cure Poison           Pois           ##........   4%          2    ##.....


Dungeon Overview and Level Annotations

Branches:
Dungeon (9/15)             Temple (1/1) D:4            Lair (8/8) D:9
 Shoals (0/5) Lair:4       Spider (1/5) Lair:4        Slime (0/6) Lair:6
    Orc: D:9-12

Altars:
Ashenzari
Cheibriados
Dithmenos
Elyvilon
Fedhas
Gozag
Kikubaaqudgha
Makhleb
Qazlal
Trog
Xom
Yredelemnul
Zin
Jiyva

Annotations:
Lair:8 exclusion: 2 oklob plants


Innate Abilities, Weirdness & Mutations

You cannot wear most types of armour.
You are amphibious.
You can wear up to eight rings at the same time.
You can use your tentacles to constrict many enemies at once.
Your skin changes colour to match your surroundings (Stealth).
Your rubbery body absorbs attacks (AC +1).
Your body is misshapen.
Your body is deteriorating.
Your natural rate of healing is unusually fast.


Message History

Cheibriados thoroughly appreciates the change of pace.
The redback closely misses you.
You tentacle-slap the redback. Your grab misses the redback.
You squeeze the redback.
The redback is lightly wounded.
You block the redback's attack.
You bludgeon the redback! You grab the redback.
The redback is severely wounded.
You constrict the redback. You block the redback's attack.
The jumping spider pounces on you!!
You are caught in a web!
The jumping spider misses you. The redback barely misses you.
You disentangle yourself.
You constrict the redback. The jumping spider pounces on you!
* * * LOW HITPOINT WARNING * * *
You block the jumping spider's attack. You block the redback's attack.
The jumping spider pounces on you!
* * * LOW HITPOINT WARNING * * *
The jumping spider completely misses you.
You release your grip on the redback.
The redback bites you!!
You die...

##.............
#..............
##.......###..
##.....##.###
#.....#..%.########
###...>##....##..##.##
..##..#.....b#..bs...#
................bs%..#
...........#....@##..#
#..........##..b##...#
#.........####..#.....#
####....### #####...##
##...# ...## #####
##s.s s.s. ..!. ...


You could see a jumping spider and a redback.

Vanquished Creatures
  Maud (Lair:8)
  2 hydras
  An orb spider (Spider:1)
  4 wolf spiders (Spider:1)
  A griffon (Lair:7)
  2 black mambas
  8 elephants
  21 spiny frogs
  8 komodo dragons
  A fire drake (Lair:2)
  An item mimic (Lair:5)
  A giant leech (Lair:8)
  5 giant fireflies (Lair:3)
  A jumping spider (Spider:1)
  A spriggan druid (Lair:6)
  5 polar bears
  Prince Ribbit (D:5)
  A troll (D:9)
  5 wandering mushrooms (Lair:5)
  17 blink frogs
  A trapdoor spider (Lair:8)
  A basilisk (Lair:5)
  5 redbacks
  8 sharks
  3 wyverns
  A shadow (D:9)
  A hungry ghost (D:7)
  A deep elf mage (D:9)
  3 elephant slugs
  11 yaks
  A hill giant skeleton (D:9)
  4 hippogriffs
  12 vampire mosquitoes (Lair:8)
  12 wolves
  12 water moccasins
  7 porcupines
  3 ice beasts
  2 black bears (D:8)
  A necrophage (D:9)
  A spider (Lair:4)
  2 ogres
  2 orc warriors
  A phantom (D:6)
  A yellow wasp (D:8)
  10 crocodiles
  4 giant slugs
  22 giant frogs
  2 scorpions
  A yak zombie (D:7)
  3 killer bees (D:9)
  2 electric eels (Lair:8)
  A centaur zombie (D:6)
  2 orc priests
  A giant frog skeleton (D:4)
  5 crimson imps
  Crazy Yiuf (D:2)
  6 hounds
  5 iguanas
  A jelly (D:7)
  2 orc wizards (D:6)
  6 big fish
  20 sheep
  3 worker ants
  A hound zombie (D:9)
  8 adders
  4 gnolls (D:7)
  19 green rats
  2 shadow imps
  A giant mite (Lair:5)
  2 worms
  An orc zombie (D:6)
  An adder zombie (D:4)
  16 orcs
  A ball python (D:3)
  15 bats
  A bat skeleton (D:5)
  5 giant cockroaches
  2 goblins
  4 hobgoblins
  11 jackals
  6 quokkas
  5 giant geckos
  6 giant newts
  A giant spore (D:9)
  2 hobgoblin skeletons
  8 kobolds
  A quokka skeleton (D:5)
  18 rats
  2 ballistomycetes (D:9)
  3 fungi
426 creatures vanquished.

Vanquished Creatures (others)
  A butterfly (Spider:1)
  2 fungi
  A plant (D:9)
4 creatures vanquished.

Grand Total: 430 creatures vanquished

Notes
Turn   | Place    | Note
--------------------------------------------------------------
     0 | D:1      | Che, the Octopode Monk, began the quest for the Orb.
     0 | D:1      | Reached XP level 1. HP: 16/16 MP: 1/1
    47 | D:1      | Reached XP level 2. HP: 18/21 MP: 2/2
   392 | D:2      | Reached XP level 3. HP: 22/26 MP: 3/3
   399 | D:2      | Reached skill level 5 in Unarmed Combat
   443 | D:2      | Noticed Crazy Yiuf
   450 | D:2      | Killed Crazy Yiuf
   450 | D:2      | Reached XP level 4. HP: 7/31 MP: 4/4
   561 | D:3      | Found a glowing silver altar of Zin.
   945 | D:4      | Found a staircase to the Ecumenical Temple.
   977 | D:4      | Reached skill level 6 in Unarmed Combat
   982 | D:4      | Reached XP level 5. HP: 11/36 MP: 5/5
  1005 | D:4      | Found a shimmering altar of Xom.
  1053 | Temple   | Entered the Ecumenical Temple
  1102 | Temple   | Became a worshipper of Cheibriados the Contemplative
  1312 | D:5      | Entered Level 5 of the Dungeon
  1326 | D:4      | Reached XP level 6. HP: 42/42 MP: 6/6
  1404 | D:5      | Noticed an ice beast
  1414 | D:5      | Killed an ice beast
  1416 | D:5      | Found an opulent altar of Gozag.
  1455 | D:5      | Noticed Prince Ribbit
  1459 | D:5      | Killed Prince Ribbit
  1459 | D:5      | Reached skill level 5 in Dodging
  1459 | D:5      | Reached skill level 7 in Unarmed Combat
  1459 | D:5      | Reached XP level 7. HP: 38/46 MP: 7/7
  1590 | D:6      | Reached skill level 1 in Invocations
  1600 | D:6      | Reached skill level 8 in Unarmed Combat
  1601 | D:6      | Acquired Cheibriados' first power
  1601 | D:6      | Reached XP level 8. HP: 42/52 MP: 5/10
  1763 | D:6      | Found a white marble altar of Elyvilon.
  1811 | D:6      | Upgraded the game from 0.15-a0-1029-ge69a1e2 to 0.15-a0-1073-g74d0bc9
  1921 | D:7      | Reached skill level 9 in Unarmed Combat
  2065 | D:7      | Acquired Cheibriados' second power
  2065 | D:7      | Reached XP level 9. HP: 30/56 MP: 14/14
  2164 | D:8      | Gained mutation: Your body is misshapen. [potion of mutation]
  2164 | D:8      | Gained mutation: Your natural rate of healing is unusually fast. [potion of mutation]
  2164 | D:8      | Gained mutation: Your spells are a little harder to cast, but a little more powerful. [potion of mutation]
  2285 | D:7      | Found a bloodstained altar of Trog.
  2528 | D:9      | Reached skill level 5 in Invocations
  2692 | D:9      | Acquired Cheibriados' third power
  2751 | D:9      | Learned a level 1 spell: Apportation
  2754 | D:9      | Learned a level 2 spell: Blink
  2756 | D:9      | Learned a level 1 spell: Summon Butterflies
  2810 | D:9      | Reached XP level 10. HP: 34/63 MP: 17/18
  2817 | D:9      | Reached skill level 10 in Unarmed Combat
  2885 | D:7      | Identified the Compendium of Flight
  2927 | D:9      | Found a staircase to the Lair.
  3009 | Lair:1   | Entered Level 1 of the Lair of Beasts
  3082 | Lair:1   | Reached skill level 5 in Shields
  3502 | Lair:2   | Reached skill level 10 in Dodging
  3502 | Lair:2   | Reached XP level 11. HP: 61/67 MP: 21/21
  3528 | Lair:2   | Learned a level 3 spell: Flight
  3569 | Lair:2   | Reached skill level 1 in Translocations
  3570 | Lair:2   | PSALER
  3834 | Lair:4   | Found a staircase to the Shoals.
  3990 | Lair:4   | Lost mutation: Your spells are a little harder to cast, but a little more powerful. [potion of mutation]
  3990 | Lair:4   | Gained mutation: Your body is slowly deteriorating. [potion of mutation]
  3990 | Lair:4   | Gained mutation: Your body is deteriorating. [potion of mutation]
  4104 | Lair:4   | Reached skill level 11 in Unarmed Combat
  4104 | Lair:4   | Reached XP level 12. HP: 48/75 MP: 23/23
  4171 | Lair:4   | Noticed a five-headed hydra
  4177 | Lair:4   | Killed a five-headed hydra
  4181 | Lair:4   | Got a polished long sword
  4186 | Lair:4   | Identified the +3,+10 long sword "Grom" {antimagic, Int+2} (You found it on level 4 of the Lair of Beasts)
  4196 | Lair:4   | Reached skill level 5 in Fighting
  4544 | Lair:5   | Reached skill level 1 in Spellcasting
  4699 | Lair:6   | Found a staircase to the Slime Pits.
  4700 | Lair:6   | Found a viscous altar of Jiyva.
  5017 | Lair:6   | Noticed a four-headed hydra
  5030 | Lair:6   | Killed a four-headed hydra
  5162 | Lair:7   | Reached XP level 13. HP: 88/88 MP: 25/25
  5425 | Lair:8   | Entered Level 8 of the Lair of Beasts
  5486 | Lair:8   | Reached skill level 12 in Unarmed Combat
  5602 | Lair:8   | Noticed Maud
  5619 | Lair:8   | Killed Maud
  5931 | Lair:8   | HP: 1/90 [electric eel/bolt of electricity (16)]
  6024 | Lair:8   | Reached skill level 10 in Invocations
  6040 | Lair:8   | Identified the Papyrus of Summoning (You found it on level 8 of the Lair of Beasts)
  6064 | Lair:8   | Learned a level 1 spell: Confusing Touch
  6318 | Lair:6   | Reached skill level 1 in Hexes
  6507 | Lair:4   | Found a hole to the Spider Nest.
  6555 | Spider:1 | Entered Level 1 of the Spider Nest
  6573 | Spider:1 | Learned a level 3 spell: Confuse
  6578 | Spider:1 | Learned a level 4 spell: Cause Fear
  6594 | Spider:1 | Reached XP level 14. HP: 43/97 MP: 27/27
  6603 | Spider:1 | Learned a level 2 spell: Cure Poison
  6660 | Spider:1 | Reached skill level 1 in Poison Magic
  6708 | Spider:1 | Slain by a redback

Action                   |  1- 3 |  4- 6 |  7- 9 | 10-12 | 13-15 || total
-------------------------+-------+-------+-------+-------+-------++-------
Melee: Unarmed           |    57 |    75 |   200 |   444 |   277 ||  1053
       Blowgun           |       |       |       |       |    28 ||    28
 Fire: Blowgun           |       |       |       |       |     9 ||     9
 Cast: Blink             |       |       |       |     2 |     4 ||     6
       Apportation       |       |       |       |     1 |    21 ||    22
       Summon Butterflie |       |       |       |       |     1 ||     1
Invok: Bend Time         |       |       |     1 |       |     2 ||     3
       Slouch            |       |       |       |     6 |     7 ||    13
       Temporal Distorti |       |       |       |       |     1 ||     1
Evoke: Wand              |       |     7 |    11 |    15 |     5 ||    38
  Use: Scroll            |       |       |    10 |    18 |     7 ||    35
       Potion            |       |       |     1 |     1 |     5 ||     7
 Stab: Sleeping          |     6 |    10 |     3 |    14 |     7 ||    40
       Distracted        |       |       |     1 |     2 |       ||     3
       Fleeing           |       |       |       |     1 |       ||     1
